 Dungeon Crawl Stone Soup version 0.13.0-11-g0187522 (webtiles) character file.

2198 Bloax the Fighter (level 9, -5/56 HPs)
             Began as a Gargoyle Berserker on Oct 18, 2013.
             Was a Believer of Trog.
             Slain by a red devil
             ... wielding a +0,+0 trident
              (8 damage)
             ... on Level 9 of the Dungeon.
             The game lasted 00:11:32 (1455 turns).

Bloax the Fighter (Gargoyle Berserker)              Turns: 1455, Time: 00:11:32

HP  -5/56        AC 24     Str 24      XL: 9   Next: 28%
MP   8/8         EV  5     Int  8      God: Trog [**....]
Gold 98          SH  5     Dex  7 (9)  Spells:  0 memorised,  8 levels left

Res.Fire  : + . .   See Invis. : .   o - +2,+0 morningstar (protect)
Res.Cold  : + . .   Warding    : .   r - +1 plate armour
Life Prot.: + . .   Conserve   : .   b - +0 dwarf buckler
Res.Poison: +       Res.Corr.  : .   (no helmet)
Res.Elec. : +       Clarity    : .   (no cloak)
Sust.Abil.: . .     Spirit.Shd : .   (no gloves)
Res.Mut.  : .       Stasis     : .   (no boots)
Res.Rott. : +       Flight     : .   (no amulet)
Saprovore : . . .                    (no ring)
                                     (no ring)

@: exhausted, slowed, very slow, slightly resistant to hostile enchantments,
extremely unstealthy
A: fangs 1, talons 2, life protection 1, electricity resistance, slow metabolism
1, unbreathing, petrification resistance, AC +5
a: Burn Spellbooks, Berserk, Trog's Hand, Renounce Religion


You were on level 9 of the Dungeon.
You worshipped Trog.
Trog was pleased with you.
You were very full.

You visited 2 branches of the dungeon, and saw 9 of its levels.

You collected 150 gold pieces.
You spent 72 gold pieces at shops.


Innate Abilities, Weirdness & Mutations

You are resistant to torment.
You are immune to poison.
Your stone body is very resilient (AC +5).
You have very sharp teeth.
You have razor-sharp toenails.
You resist negative energy.
You are resistant to electric shocks.
You have a slow metabolism.
You can survive without breathing.
You are immune to petrification.


   Skills:
 + Level 8.8 Fighting
 + Level 8.6 Maces & Flails
 + Level 6.7 Armour
 - Level 1.5 Dodging


You had 8 spell levels left.
You didn't know any spells.

Dungeon Overview and Level Annotations

Branches:
Dungeon (9/27)             Temple (1/1) D:6
    Orc: D:6-11        Lair: D:8-13

Altars:
Cheibriados
Elyvilon
Kikubaaqudgha
Makhleb
Nemelex Xobeh
Sif Muna
Vehumet
Xom
Yredelemnul

Shops:
D:8 (

Inventory:

Hand weapons
 a - a +1,+0 mace
 o - a +2,+0 morningstar of protection (weapon)
   (You bought it in a shop on level 8 of the Dungeon)
 u - a +1,+2 flail
   (You took it off a wight on level 8 of the Dungeon)
Missiles
 v - a throwing net (quivered)
Armour
 b - a +0 dwarven buckler (worn)
   (You found it on level 4 of the Dungeon)
 r - a +1 plate armour (worn)
   (You found it on level 7 of the Dungeon)
Comestibles
 c - 2 bread rations
 g - a pear
Scrolls
 d - a scroll of enchant weapon I
 f - a scroll of magic mapping
 h - 2 scrolls of identify {unknown}
 i - a scroll of enchant armour {unknown}
 j - a scroll of enchant weapon II {unknown}
 k - 2 scrolls of random uselessness {unknown}
 m - 2 scrolls of teleportation {unknown}
 p - a scroll of noise {unknown}
 q - a scroll of immolation {unknown}
Potions
 l - a potion of resistance

. ... .... ...
.....##########.
....P
.................
.....
P................
....#
#......c.........
....#
#.....~?@......#
....#
#....)4z.?.....#
....#
#.###)#######..#
(...# #...^.....#
# ....#
#.#...4.....#
....#
#.#.........#
..<.#
#.#.........#
....#
#.#.........#
....#
#.#.........#


You could see a red devil, a centaur and a worker ant zombie.


Message History

The worker ant zombie bites you but does no damage.
The red devil hits you but does no damage.
The sky beast hits you but does no damage.
The worker ant zombie bites you but does no damage.
Unknown command.
The centaur hits you but does no damage.
The red devil hits you but does no damage.
The sky beast hits you but does no damage.
The centaur hits you but does no damage.
The worker ant zombie bites you.
* * * LOW HITPOINT WARNING * * *
Unknown command.
Unknown command.
You hit the centaur. You claw the centaur!
The centaur is severely wounded.
The centaur hits you but does no damage.
The red devil hits you from afar with a trident.
* * * LOW HITPOINT WARNING * * *
The sky beast flickers out of sight!
You block its attack.
The worker ant zombie completely misses you.
The centaur hits you but does no damage.
The red devil hits you but does no damage.
It hits you but does no damage.
The worker ant zombie bites you but does no damage.
The centaur hits you.
* * * LOW HITPOINT WARNING * * *
Use which ability? (? or * to list)
Your skin crawls.
You feel resistant to hostile enchantments.
You feel slightly more hungry.
Your skin is crawling a little less now.
The centaur hits you but does no damage.
It hits you but does no damage.
The worker ant zombie bites you but does no damage.
The red devil hits you from afar with a trident!
* * * LOW HITPOINT WARNING * * *
The centaur hits you but does no damage.
Unknown command.
Drink which item? (? for menu, Esc to quit)
That potion was really gluggy!
It was a potion of porridge.
The centaur hits you but does no damage.
It hits you but does no damage.
The worker ant zombie barely misses you.
The red devil hits you but does no damage.
The centaur barely misses you. It hits you but does no damage.
The worker ant zombie bites you but does no damage.
Unknown command.
Drink which item? (? for menu, Esc to quit)
Yuck - this tastes like blood.
It was a potion of blood.
The centaur hits you but does no damage.
The red devil hits you from afar with a trident.
* * * LOW HITPOINT WARNING * * *
It hits you but does no damage.
The centaur hits you but does no damage.
The worker ant zombie bites you but does no damage.
The red devil hits you but does no damage.
Unknown command.
Unknown command.
Drink which item? (? for menu, Esc to quit)
There was something very wrong with that liquid!
You feel clumsy.
It was a potion of degeneration.
Your skin stops crawling.
You feel less resistant to hostile enchantments.
The centaur hits you but does no damage.
It hits you but does no damage.
The worker ant zombie bites you but does no damage.
The centaur hits you but does no damage.
The red devil hits you from afar with a trident!
You die...

Action                   |  1- 3 |  4- 6 |  7- 9 || total
-------------------------+-------+-------+-------++-------
Melee: Mace              |    51 |    67 |   122 ||   240
       Morningstar       |       |       |    39 ||    39
Invok: Berserk           |     1 |     3 |     5 ||     9
       Trog's Hand       |       |     1 |     7 ||     8
  Use: Scroll            |       |     3 |       ||     3
       Potion            |       |       |     5 ||     5
 Stab: Invisible         |       |       |     8 ||     8

Vault maps used:
D:1:      elethiomel_entry_maze, roderic_serpentine_path,
          hangedman_decor_growths, minmay_splitting_lines, item_on_display_a
D:2:      first_bread
D:4:      lemuel_crystal_altar, lightli_corner_chamber, uniq_crazy_yiuf_cottage
D:5:      zaba_anthole, basic_altar
D:6:      minmay_temple_entry_statues
D:7:      uniq_eustachio
D:8:      minitemple, serial_shops, shop, grunt_ministairs_2
D:9:      trog_ov_bears_minmay, serial_bayou, serial_bayou_pond_a,
          serial_bayou_pond_e, serial_bayou_pond_c, serial_bayou_lake_a,
          minivault_24, einodemon_armed_red_devil_minivault, uniq_psyche,
          uniq_prince_ribbit1, uniq_joseph, uniq_maurice, uniq_erolcha
Temple:   bh_familiar_temple

Notes
Turn   | Place    | Note
--------------------------------------------------------------
     0 | D:1      | Bloax, the Gargoyle Berserker, began the quest for the Orb.
     0 | D:1      | Reached XP level 1. HP: 14/14 MP: 0/0
    99 | D:1      | 4tharraofdagon: dancing with nagas
   193 | D:1      | Reached XP level 2. HP: 17/19 MP: 1/1
   228 | D:2      | Reached skill level 4 in Maces & Flails
   228 | D:2      | Reached XP level 3. HP: 20/24 MP: 2/2
   229 | D:2      | Reached skill level 4 in Fighting
   265 | D:2      | You fall through a shaft!
   293 | D:4      | 4tharraofdagon: nice
   298 | D:4      | Acquired Trog's second power
   299 | D:4      | 4tharraofdagon: shaft
   321 | D:4      | 4tharraofdagon: skipped one useless level
   394 | D:4      | 4tharraofdagon: hey daniel
   403 | D:4      | Daniel: hey
   405 | D:4      | Noticed a centaur
   405 | D:4      | Noticed a water moccasin
   405 | D:4      | Paralysed by a giant eyeball for 4 turns
   409 | D:4      | Reached XP level 4. HP: 15/29 MP: 3/3
   411 | D:4      | Daniel: what happened to the kitty?
   414 | D:4      | 4tharraofdagon: roasted
   422 | D:4      | 4tharraofdagon: in shoals
   426 | D:5      | Entered Level 5 of the Dungeon
   427 | D:5      | Daniel: :/
   447 | D:5      | Daniel: i found you playing btw
   480 | D:5      | Daniel: http://i.imgur.com/WBsTKQn.gif
   486 | D:5      | Reached XP level 5. HP: 34/34 MP: 4/4
   491 | D:5      | Reached skill level 5 in Fighting
   491 | D:5      | Reached skill level 5 in Maces & Flails
   549 | D:5      | 4tharraofdagon: xd
   603 | D:5      | 4tharraofdagon: yea that game was most like this
   624 | D:5      | Daniel: :D
   637 | D:6      | 4tharraofdagon: i felt fragile all the time
   637 | D:6      | Daniel: felids sucks
   646 | D:6      | Found a staircase to the Ecumenical Temple.
   664 | D:6      | 4tharraofdagon: idk how this jump ability may improve them but ok
   707 | Temple   | Entered the Ecumenical Temple
   723 | Temple   | Daniel: oh, they get the jump attack in 0.14?
   730 | Temple   | 4tharraofdagon: ye
   745 | Temple   | 4tharraofdagon: at least in trunk
   794 | D:6      | Daniel: thats cool, but its more situational than useful
   815 | D:6      | 4tharraofdagon: ye
   864 | D:6      | 4tharraofdagon: but this wont compensate their overall suckness
   864 | D:6      | Daniel: could be great for ninjaing runes tho
   953 | D:7      | Noticed a phantom
   980 | D:7      | Killed a phantom
   980 | D:7      | Reached XP level 6. HP: 28/40 MP: 5/5
  1012 | D:7      | Noticed Eustachio
  1030 | D:7      | Killed Eustachio
  1030 | D:7      | Reached skill level 6 in Fighting
  1030 | D:7      | Reached skill level 6 in Maces & Flails
  1030 | D:7      | Reached XP level 7. HP: 41/44 MP: 6/6
  1061 | D:7      | 4tharraofdagon: plate armour nice
  1073 | D:7      | Reached skill level 3 in Armour
  1104 | D:8      | +1 too
  1148 | D:8      | Reached skill level 4 in Armour
  1165 | D:8      | Reached skill level 7 in Fighting
  1166 | D:8      | holy shit a long sword by d:8
  1177 | D:8      | Reached XP level 8. HP: 17/51 MP: 7/7
  1185 | D:8      | Reached skill level 7 in Maces & Flails
  1249 | D:8      | oh my how useful!
  1287 | D:8      | Noticed a hippogriff
  1290 | D:8      | Daniel: lets learn pew pew
  1297 | D:8      | Killed a hippogriff
  1297 | D:8      | Reached skill level 5 in Armour
  1298 | D:8      | wow a great sword!!
  1307 | D:8      | Found Xithrun's Antique Weapon Shop.
  1310 | D:8      | lookie a flail
  1333 | D:8      | Daniel: demon whip in shoppe
  1334 | D:8      | Bought a glowing morningstar for 72 gold pieces
  1336 | D:8      | 4tharraofdagon: not bad
  1336 | D:8      | Bloax: better
  1336 | D:8      | Daniel: well thats good too
  1367 | D:9      | Reached skill level 8 in Fighting
  1381 | D:9      | Noticed a red devil
  1381 | D:9      | Noticed a red devil
  1384 | D:9      | 4tharraofdagon: watchout
  1391 | D:9      | Killed a red devil
  1391 | D:9      | Reached skill level 8 in Maces & Flails
  1391 | D:9      | Reached skill level 6 in Armour
  1399 | D:9      | Noticed a red devil
  1399 | D:9      | HP: 10/52 [red devil/trident (12)]
  1405 | D:9      | Noticed a red devil
  1429 | D:9      | Killed a red devil
  1429 | D:9      | Reached XP level 9. HP: 30/56 MP: 8/8
  1435 | D:9      | Killed a red devil
  1448 | D:9      | HP: 13/56 [red devil/trident (4)]
  1452 | D:9      | HP: 4/56 [red devil/trident (8)]
  1455 | D:9      | Slain by a red devil

Vanquished Creatures
  3 red devils (D:9)
  Eustachio (D:7)
  A hippogriff (D:8)
  An ogre (D:8)
  A phantom (D:7)
  A water moccasin (D:8)
  2 killer bees (D:8)
  A cyclops skeleton (D:9)
  A hippogriff zombie (D:8)
  9 wights (D:8)
  A goliath beetle (D:8)
  An iguana (D:5)
  2 scorpions
  5 worker ants
  3 adders
  An inept feature mimic (D:6)
  2 worms
  An ufetubus (D:7)
  2 orcs (D:6)
  6 bats
  A bat skeleton (D:5)
  A bat zombie (D:7)
  6 goblins
  9 hobgoblins
  3 kobolds
  A giant gecko skeleton (D:8)
  A giant newt (D:5)
  A kobold skeleton (D:5)
  3 quokkas
71 creatures vanquished.
